 Dungeon Crawl Stone Soup version 0.24-a0-446-g87df7205b4 (webtiles) character file.

Game seed: 1892975096631599005

249 pk666 the Magician (level 5, 0/28 HPs)
             Began as a Deep Elf Wizard on June 24, 2019.
             Succumbed to a worker ant's poison
             ... on level 4 of the Dungeon.
             The game lasted 00:14:07 (4541 turns).

pk666 the Magician (Deep Elf Wizard)                Turns: 4541, Time: 00:14:07

Health: 0/28       AC:  2    Str:  4    XL:     5   Next: 87%
Magic:  6/15       EV: 13    Int: 24    God:
Gold:   140        SH:  0    Dex: 13    Spells: 6/15 levels left

rFire    . . .     SeeInvis .   (no weapon)
rCold    + . .     Gourm    .   (no shield)
rNeg     . . .     Faith    .   a - +0 robe
rPois    .         Spirit   .   b - +0 hat
rElec    .         Reflect  .   (no cloak)
rCorr    .         Harm     .   (no gloves)
MR       .....                  (no boots)
Stlth    ++........             (no amulet)
HPRegen  0.09/turn              l - ring of protection from cold
MPRegen  0.14/turn              (no ring)

@: lethally poisoned (0 -> -7)
A: no striking features
a: no special abilities


You were on level 4 of the Dungeon.
You were hungry.

You visited 1 branch of the dungeon, and saw 4 of its levels.

You collected 140 gold pieces.

Inventory:

Armour
 a - a +0 robe (worn)
 b - a +0 hat (worn)
Jewellery
 l - a ring of protection from cold (left hand)
 m - an uncursed amulet of the gourmand
Scrolls
 c - a scroll of amnesia {unknown}
 e - a scroll of fog {unknown}
 h - 4 scrolls of remove curse {unknown}
 i - a scroll of magic mapping {unknown}
 k - a scroll of identify {unknown}
 n - a scroll of enchant weapon {unknown}
 o - a scroll of immolation {unknown}
Potions
 f - a potion of mutation {unknown}
 g - a potion of might {unknown}
 j - a potion of curing {unknown}
Comestibles
 d - 3 rations


   Skills:
 - Level 3.2 Dodging
 - Level 2.4 Stealth
 + Level 5.8 Spellcasting
 + Level 3.2 Conjurations
   Level 1.1 Summonings
 + Level 1.6 Translocations
 + Level 2.3 Fire Magic
 + Level 1.5 Air Magic
 + Level 1.6 Poison Magic


You had 6 spell levels left.
You knew the following spells:

 Your Spells              Type           Power        Failure   Level  Hunger
a - Magic Dart            Conj           ###.         2%          1    None
b - Blink                 Tloc           N/A          6%          2    None
c - Conjure Flame         Conj/Fire      ###.....     8%          3    #......
d - Mephitic Cloud        Conj/Pois/Air  ###.....     10%         3    #......

Your spell library contained the following spells:

 Spells                   Type           Power        Failure   Level  Hunger
 Call Imp                 Summ           ##......     8%          2    None
 Slow                     Hex            #.......     12%         2    None


Dungeon Overview and Level Annotations

Branches:
Dungeon (4/15)
 Temple: D:4-7

Altars:


Message History

A worker ant comes into view.
The orc wizard casts a spell at you. You resist with some effort.
The ogre shouts!
The worker ant twitches its antennae in your direction.
The orc wizard gestures at you while chanting.
The magic dart hits you.
* * * LOW HITPOINT WARNING * * *
Casting: Magic Dart (safe; 2% risk of failure)
Confirm with . or Enter, or press ? or * to list all spells.
You blink.
The orc wizard looks satisfied for a moment.
Casting: Blink (safe; 6% risk of failure)
Confirm with . or Enter, or press ? or * to list all spells.
You blink.
The worker ant barely misses you. The worker ant bites you.
* * * LOW HITPOINT WARNING * * *
You are lethally poisoned!
The worker ant poisons you!
You die...

##### #...h #.###
#.... #h### ### #.#
##.################.##
#..Oa.@.)........h<..#
##.#############.##..#
#ยง# #......O<......#
#.# #.######.......#
#.# #.# ##...#..# #o#
#.# ##.##..# #.# #h#
#.##..# #a# #.# #.#
... #.# #h# ### ..# ##


You could see an ogre and a worker ant.

Vanquished Creatures
  An orc priest (D:3)
  An orc wizard (D:3)
  A worker ant (D:2)
  3 adders
  3 gnolls (D:3)
  3 oozes
  4 worms
  A leopard gecko (D:3)
  10 orcs
  A ball python (D:2)
  2 giant cockroaches (D:3)
  10 goblins
  5 hobgoblins
  9 jackals (D:3)
  3 quokkas
  7 bats
  3 frilled lizards (D:1)
  7 kobolds
  A leopard gecko skeleton (D:4)
  2 rats
77 creatures vanquished.

Notes
Turn   | Place    | Note
-------+----------+-------------------------------------------
     0 | D:1      | pk666 the Deep Elf Wizard began the quest for the Orb.
     0 | D:1      | Reached XP level 1. HP: 10/10 MP: 7/7
     3 | D:1      | Noticed an electric eel
     3 | D:1      | Noticed an electric eel
   167 | D:1      | Reached XP level 2. HP: 15/15 MP: 1/9
   883 | D:1      | Reached XP level 3. HP: 19/19 MP: 9/11
   885 | D:1      | Reached skill level 5 in Spellcasting
  1046 | D:1      | Learned a level 2 spell: Blink
  1050 | D:1      | Learned a level 3 spell: Conjure Flame
  1054 | D:1      | Learned a level 3 spell: Mephitic Cloud
  1907 | D:2      | Reached skill level 1 in Fire Magic
  1907 | D:2      | Reached XP level 4. HP: 15/24 MP: 1/13
  3040 | D:3      | Noticed an orc warrior
  3124 | D:3      | Reached skill level 1 in Air Magic
  3124 | D:3      | Reached skill level 1 in Poison Magic
  3124 | D:3      | Reached XP level 5. HP: 23/28 MP: 2/15
  4482 | D:4      | Noticed an ogre
  4531 | D:4      | Noticed an ogre
  4540 | D:4      | HP: 1/28 [worker ant (1)]
  4541 | D:4      | Succumbed to a worker ant's poison

Levels and vault maps discovered:
D:1:      arrival_aquarium_b, layout_loops_cross, minmay_misc_feat_nine_boxes
D:2:      layout_basic, minmay_misc_feat_five
D:3:      layout_basic, chequers_avenue
D:4:      layout_loops_ring, first_ration, okawaru_altar_gauntlet_db,
          uniq_duvessa

Skill      XL: |  1  2  3  4  5 |
---------------+----------------+-----
Dodging        | 3 |  3.2
Conjurations   | 2 3 |  3.2
Spellcasting   | 5 |  5.8
Fire Magic     | 1 2 |  2.3
Air Magic      | 1 |  1.5
Poison Magic   | 1 |  1.6
Stealth        | |  2.4
Summonings     | |  1.1
Translocations | |  1.6

Action                   |  1- 3 |  4- 6 || total
-------------------------+-------+-------++-------
 Cast: Magic Dart        |   104 |   164 ||   268
       Conjure Flame     |     1 |    11 ||    12
       Blink             |       |     3 ||     3
       Mephitic Cloud    |       |     1 ||     1
  Eat: Chunk             |     3 |     7 ||    10
Armor: Robe              |     4 |     6 ||    10
Dodge: Dodged            |    14 |    29 ||    43

Table legend:
 A = Non-vault XP
 B = Vault XP
 C = Vault XP percentage of total XP
 D = Non-vault monster count
 E = Vault monster count
 F = Vault count percentage of total count
                 A         B        C        D         E       F
            +---------+---------+-------+---------+---------+-------
      Total |     357 |       0 |   0.0 |      77 |       0 |   0.0
            +---------+---------+-------+---------+---------+-------
        D:1 |      45 |       0 |   0.0 |      22 |       0 |   0.0
        D:2 |      98 |       0 |   0.0 |      18 |       0 |   0.0
        D:3 |     213 |       0 |   0.0 |      36 |       0 |   0.0
        D:4 |       1 |       0 |   0.0 |       1 |       0 |   0.0
            +---------+---------+-------+---------+---------+-------
